[Event "*** SCC Grand Prix: Titled Tuesday Blitz"]
[Site "Chess.com"]
[Date "2020.07.07"]
[Round "4"]
[White "N00bM3ster"]
[Black "Manukyan_Artak"]
[Result "1-0"]
[WhiteElo "2602"]
[BlackElo "2345"]
[TimeControl "180+1"]
[EndTime "10:39:56 PDT"]
[Termination "N00bM3ster won by resignation"]

1. e4 c6 2. d4 d5 3. exd5 cxd5 4. Bd3 Nf6 5. h3 Nc6 6. c3 e6 7. Nf3 Bd6 8. Bg5 h6 9. Bh4 g5 10. Bg3 Bxg3 11. fxg3 Qd6 12. g4 Qg3+ 13. Kf1 Ne4 14. Qe1 f5 15. Bxe4 Qxe1+ 16. Nxe1 fxe4 17. Nc2 e5 18. Ke2 b6 19. Nd2 exd4 20. Nxd4 Nxd4+ 21. cxd4 Ba6+ 22. Ke3 Rc8 23. Rac1 Kd7 24. Rc3 Rhf8 25. Rhc1 Rxc3+ 26. bxc3 Rc8 27. g3 Bc4 28. a4 Ke6 29. a5 b5 30. Rb1 a6 31. h4 Bd3 32. Rc1 Rf8 33. hxg5 hxg5 34. Rh1 Rf6 35. Rh8 Kd7 36. Rg8 Rc6 37. Rxg5 Rxc3 38. Rxd5+ Kc6 39. Re5 b4 40. d5+ Kd7 41. Kd4 Rc2 42. Nxe4 Bxe4 43. Rxe4 b3 44. Re3 b2 45. Rb3 Rg2 46. Kc5 Rxg3 47. Rxb2 Rxg4 48. Rb7+ Kc8 49. Rb6 1-0

[Event "*** SCC Grand Prix: Titled Tuesday Blitz"]
[Site "Chess.com"]
[Date "2020.07.07"]
[Round "4"]
[White "NiranjanNavalgund"]
[Black "ammarzooqi"]
[Result "1/2-1/2"]
[WhiteElo "2399"]
[BlackElo "2180"]
[TimeControl "180+1"]
[EndTime "10:39:56 PDT"]
[Termination "Game drawn - insufficient material"]

1. e4 e5 2. Nf3 Nf6 3. Nc3 Bb4 4.
Nxe5 O-O 5. Bd3 Re8 6. Nf3 Bxc3 7. dxc3 Nxe4 8. O-O d5 9. Re1 Bg4 10. Bxe4 dxe4 11.
Qxd8 Rxd8 12. Ne5 Bf5 13. g4 Re8 14. Bf4 Bc8 15. Nc4 Na6 16. h3 Bd7 17. Ne5 Bc8 18. Kg2 f6 19. Nc4 Bd7 20. Kg3 Rad8 21. Rad1 Bc6 22.
Na5 Bd5 23. c4 Bf7 24. Rxd8 Rxd8 25. Nxb7 Rb8 26. Rd1 Rxb7 27. Rd8+ Be8 28. Rxe8+ Kf7 29. Ra8 Rxb2 30. Rxa7 Rxa2 31. Bxc7 Kg6 32. Bb6 Nb4 33.
Rxa2 Nxa2 34. Ba5 f5 35. Kf4 fxg4 36. hxg4 Kf6 37. Kxe4 Ke6 38. f4 g6 39. f5+ gxf5+ 40. gxf5+ Kd7 41. Kd5 Nc1 42. f6 Ne2 43. Bb4 Nf4+ 44.
Ke5 Ng6+ 45. Kf5 Nh4+ 46. Kg5 Nf3+ 47. Kh6 Ke6 48. Bc3 Kf7 49. Kxh7 Ng5+ 50. Kh6 Ne4 51.
Bd4 Nd6 52. Kg5 Nxc4 53. Kf5 Nd2 54. Bb2 Nc4 55. Ba1 Ne3+ 56. Ke5 Nxc2 57. Bc3 Ne3 58. Ke4 Ng4 59. Kf4 Nxf6 1/2-1/2

[Event "*** SCC Grand Prix: Titled Tuesday Blitz"]
[Site "Chess.com"]
[Date "2020.07.07"]
[Round "4"]
[White "MomchilPetkov"]
[Black "KuzubovYuriy"]
[Result "0-1"]
[WhiteElo "2542"]
[BlackElo "2847"]
[TimeControl "180+1"]
[EndTime "10:39:57 PDT"]
[Termination "KuzubovYuriy won on time"]

1. e4 e6 2. d4 d5 3. Nc3 Nc6 4. Nf3 Nf6 5. e5 Ne4 6. Bd3 Bb4 7. Bd2 Nxd2 8. Qxd2 Be7 9. Ne2 Nb4 10. Bb5+ c6 11.
Ba4 b5 12. Bb3 c5 13. dxc5 Bxc5 14. O-O Nc6 15. a4 b4 16. Rac1 Ba6 17. Rfd1 O-O 18. Nf4 Kh8 19. c4 Na5 20. Ba2 dxc4 21. Qe1 Qe7 22. Bb1 Rad8 23. Qe4 g6 24. Nh3 Bb7 25. Qf4 Bxf3 26. Qxf3 Rxd1+ 27. Qxd1 Rd8 28. Qf3 Kg7 29. Be4 Rd2 30. Qf4 Rxb2 31. Rd1 c3 32. g4 c2 33. Rc1 b3 34. g5 Ra2 35. Re1 Bb4 36. Rf1 Ba3 0-1

[Event "*** SCC Grand Prix: Titled Tuesday Blitz"]
[Site "Chess.com"]
[Date "2020.07.07"]
[Round "4"]
[White "Irishchessman16"]
[Black "mirochka"]
[Result "1-0"]
[WhiteElo "2426"]
[BlackElo "2115"]
[TimeControl "180+1"]
[EndTime "10:39:57 PDT"]
[Termination "Irishchessman16 won on time"]

1. e3 d5 2. Nf3 Nf6 3. b3 Bg4 4. h3 Bh5 5. Bb2 Nbd7 6. Be2 e6 7. c4 c6 8. Nc3 e5 9. cxd5 cxd5 10. g4 Bg6 11. g5 Ne4 12. Nxd5 Nxg5 13. Nxg5 Qxg5 14.
Nc7+ Kd8 15. Nxa8 Bd6 16. Rc1 f6 17. Nc7 Bxc7 18. h4 Qf5 19. h5 Bf7 20. Bg4 Qd3 21.
Be2 Qd6 22. d4 Ke7 23. h6 g6 24. dxe5 Ba5+ 25. Kf1 fxe5 26. Qxd6+ Kxd6 27. Bb5 Nb6 28. Rd1+ Ke7 29. Bxe5 Rc8 30. Bd6+ Ke6 31. b4 Nd5 32.
bxa5 Nc3 33. Be2 Nxd1 34. Bg4+ Kxd6 35. Bxc8 Nc3 36. Bxb7 Nxa2 37. Kg2 Nb4 38. Rb1 Kc5 39. Rd1 Be6 40. Rd8 Nc6 41. Bxc6 Kxc6 42. Rh8 Kb5 43.
Rxh7 a6 44. Re7 Bd5+ 45. e4 Bg8 46. Rg7 1-0

[Event "*** SCC Grand Prix: Titled Tuesday Blitz"]
[Site "Chess.com"]
[Date "2020.07.07"]
[Round "4"]
[White "GMJustin"]
[Black "Crazy_girl99"]
[Result "0-1"]
[WhiteElo "2260"]
[BlackElo "2438"]
[TimeControl "180+1"]
[EndTime "10:39:58 PDT"]
[Termination "Crazy_girl99 won on time"]

1. e4 e5 2. Nc3 Nc6 3. f4 exf4 4. d4 Qh4+ 5. Ke2 d6 6. Nf3 Bg4 7.
Bxf4 O-O-O 8. Qd2 Nf6 9. Bg3 Qh5 10. Kf2 h6 11. h3 Bd7 12. Re1 g5 13. Bc4 Qg6 14.
d5 Ne7 15. Qd4 Kb8 16. e5 Nf5 17. Qd3 Nxg3 18. Qxg6 Nxh1+ 19. Rxh1 fxg6 20. exf6 Bf5 21. Nd4 a6 22. g4 Bd7 23. Ne6 Rc8 24. Re1 h5 25. Kg3 Bh6 26. Ne4 Rce8 27. f7 Re7 28.
N4xg5 Bxe6 29. Nxe6 Rxf7 30. g5 Bg7 31. h4 Be5+ 32.
Kg2 Re8 33. Bd3 Rg8 34. c3 c6 0-1

[Event "*** SCC Grand Prix: Titled Tuesday Blitz"]
[Site "Chess.com"]
[Date "2020.07.07"]
[Round "4"]
[White "EfM13"]
[Black "HouseOfDurin"]
[Result "1-0"]
[WhiteElo "2202"]
[BlackElo "2027"]
[TimeControl "180+1"]
[EndTime "10:39:58 PDT"]
[Termination "EfM13 won on time"]

1. e4 c5 2. c3 d5 3. exd5 Qxd5 4. d4 Nc6 5. Na3 Nf6 6. Nb5 Qd8 7. d5 a6 8. dxc6 Qxd1+ 9. Kxd1 axb5 10. Bxb5 Kd8 11.
Be3 b6 12. Nf3 h6 13. Ne5 Be6 14. Ke2 Kc7 15. Bf4 Nh5 16. Be3 g5 17. g3 Bg7 18.
f4 Bxe5 19. fxe5 Bd5 20. Rhf1 Rhf8 21. a3 Bxc6 22. Bc4 f5 23. exf6 exf6 24. b4 b5 25. Bd3 c4 26. Bg6 Ng7 27. Bd4 Ne6 28. Bxf6 Bd5 29.
Be5+ Kd7 30. Rfd1 Kc6 31. Rf1 Rxf1 32. Rxf1 Rxa3 33. Be8+ Kb6 34. Rd1 Bc6 35. Rd6 1-0

[Event "*** SCC Grand Prix: Titled Tuesday Blitz"]
[Site "Chess.com"]
[Date "2020.07.07"]
[Round "4"]
[White "anesar92"]
[Black "Fandorine"]
[Result "1-0"]
[WhiteElo "2734"]
[BlackElo "2874"]
[TimeControl "180+1"]
[EndTime "10:39:59 PDT"]
[Termination "anesar92 won by resignation"]

1. e4 e5 2. Nf3 Nc6 3. Bb5 a6 4. Ba4 Nf6 5. O-O Be7 6. Bxc6 dxc6 7. d3 Nd7 8. Nbd2 f6 9. Nc4 Nc5 10.
Nh4 g6 11. f4 exf4 12. Bxf4 Ne6 13. Bh6 a5 14. Kh1 a4 15. Qf3 Nd4 16. Qf2 Be6 17.
Ne3 Rg8 18. c3 Nb5 19. d4 a3 20. d5 axb2 21. Qxb2 Bd7 22. c4 Nd6 23. e5 Nf7 24. exf6 Nxh6 25. fxe7 Qxe7 26. Qxb7 Rd8 27. dxc6 Bc8 28.
Qb5 Qxh4 29. Rae1 Qxe1 30. Rxe1 Kf7 31. Qg5 Kg7 32. Nd5 Rgf8 33. h3 Nf5 34. g4 h6 35.
Qd2 Nh4 36. Re7+ Rf7 37. Rxf7+ Kg8 1-0

[Event "*** SCC Grand Prix: Titled Tuesday Blitz"]
[Site "Chess.com"]
[Date "2020.07.07"]
[Round "4"]
[White "Haykoooo0o"]
[Black "Durarbayli"]
[Result "0-1"]
[WhiteElo "2535"]
[BlackElo "2800"]
[TimeControl "180+1"]
[EndTime "10:39:59 PDT"]
[Termination "Durarbayli won by resignation"]

1. e4 c5 2. Nc3 d6 3. f4 Nc6 4.
Nf3 a6 5. a4 Bg4 6. h3 Bxf3 7.
Qxf3 e6 8. d3 Nd4 9. Qf2 g6 10.
Be3 Bg7 11. g4 Qb6 12. Ra2 h5 13. g5 Ne7 14. Bg2 Nec6 15. a5 Nxa5 16. O-O Nac6 17. Na4 Qc7 18. c3 Nb5 19. f5 Be5 20. b4 Nxc3 21. Nxc3 Bxc3 22. bxc5 O-O 23. Rc2 Bb4 24. d4 dxc5 25. dxc5 Rad8 26. Rb1 a5 27. Qf1 Nd4 28. Rf2 Bxc5 29. Kh1 b6 30. Qc4 exf5 31. exf5 Nxf5 32. Bxc5 Qxc5 33. Qf1 Ng3+ 34. Kh2 Nxf1+ 35. Rbxf1 Qxg5 0-1

[Event "*** SCC Grand Prix: Titled Tuesday Blitz"]
[Site "Chess.com"]
[Date "2020.07.07"]
[Round "4"]
[White "1f3_2g41-0"]
[Black "GjakanTati"]
[Result "1-0"]
[WhiteElo "2302"]
[BlackElo "2567"]
[TimeControl "180+1"]
[EndTime "10:39:59 PDT"]
[Termination "1f3_2g41-0 won by resignation"]

1. e4 e5 2. Nf3 Nc6 3. Bb5 Nf6 4. d3 Bc5 5. O-O Nd4 6. Ba4 Nxf3+ 7. Qxf3 c6 8. c3 d6 9. Be3 Bb6 10. Nd2 O-O 11.
Bg5 h6 12. Bxf6 Qxf6 13. Qxf6 gxf6 14. Nc4 Bc7 15. Ne3 Rd8 16. Bb3 Bb6 17. Rae1 Kg7 18. Kh1 d5 19. exd5 Bxe3 20. fxe3 cxd5 21. e4 dxe4 22. dxe4 Rd2 23. Rd1 Re2 24. Rd8 Rxe4 25. h3 Re2 26. Rf3 f5 27. Rg3+ Kf6 28. Rgg8 e4 29.
Rxc8 Rxc8 30. Rxc8 Rxb2 31. Re8 Kg5 32. g3 h5 33. Rg8+ Kf6 34. Re8 Kg5 35. Bxf7 h4 36. Rg8+ Kf6 37. Bb3 e3 38. gxh4 Rb1+ 39. Rg1 Rb2 40.
h5 Rd2 41. h6 Rd8 42. h7 Rh8 43. Bg8 f4 44. Kg2 Ke5 45. Kf3 Kd6 46. Kxf4 1-0

[Event "*** SCC Grand Prix: Titled Tuesday Blitz"]
[Site "Chess.com"]
[Date "2020.07.07"]
[Round "4"]
[White "amatatanav"]
[Black "czasnaszachy"]
[Result "1-0"]
[WhiteElo "2427"]
[BlackElo "2246"]
[TimeControl "180+1"]
[EndTime "10:39:59 PDT"]
[Termination "amatatanav won on time"]

1. e4 c5 2. Ne2 d6 3. g3 Nc6 4. Bg2 g6 5. c3 Bg7 6. d4 cxd4 7.
cxd4 e6 8. O-O Nf6 9. Nbc3 O-O 10. h3 d5 11. e5 Nd7 12. Be3 Rb8 13. Qd2 b5 14. Rfc1 Na5 15. b3 Qb6 16. h4 Ba6 17. h5 Rfc8 18. hxg6 hxg6 19. Bh6 b4 20. Na4 Qb5 21.
Bxg7 Kxg7 22. Nf4 Nb6 23. Rxc8 Rxc8 24. Nc5 Rxc5 25. dxc5 Qxc5 26. Rc1 Qb5 27. Bf1 Nac4 28. bxc4 dxc4 29. Rb1 Qxe5 30. Qxb4 g5 31. Re1 Qd4 32. Ne2 Qe4 33. Qc3+ Kg6 34. Nf4+ gxf4 35. Rxe4 1-0

[Event "*** SCC Grand Prix: Titled Tuesday Blitz"]
[Site "Chess.com"]
[Date "2020.07.07"]
[Round "4"]
[White "SavelievAlexei"]
[Black "rududuyk"]
[Result "1-0"]
[WhiteElo "2386"]
[BlackElo "2094"]
[TimeControl "180+1"]
[EndTime "10:39:59 PDT"]
[Termination "SavelievAlexei won on time"]

1. e4 e6 2. d4 d5 3. Nd2 Nf6 4.
e5 Nfd7 5. f4 c5 6. c3 Nc6 7.
Ngf3 Qb6 8. Nb3 a5 9. a4 f6 10. exf6 Nxf6 11. Ne5 cxd4 12. Nxd4 Nxd4 13. Qxd4 Bc5 14.
Qd3 O-O 15. Qb5 Bf2+ 16. Kd1 Qc7 17. Bd3 Bd7 18. Qb3 Rac8 19. Rf1 Ba7 20. Bd2 Ne4 21. Kc2 Nc5 22. Qa2 Bxa4+ 23. Kb1 Nb3 24. Qxa4 Nxd2+ 25. Kc2 Nxf1 26. Rxf1 d4 27. Qb3 dxc3 28. bxc3 Kh8 29. Rf3 Bd4 30. Nc4 1-0

[Event "*** SCC Grand Prix: Titled Tuesday Blitz"]
[Site "Chess.com"]
[Date "2020.07.07"]
[Round "4"]
[White "sergeikim"]
[Black "hongnhung1234"]
[Result "1-0"]
[WhiteElo "2403"]
[BlackElo "2216"]
[TimeControl "180+1"]
[EndTime "10:39:59 PDT"]
[Termination "sergeikim won by checkmate"]

1. d4 Nf6 2. c4 c5 3. d5 b5 4.
cxb5 a6 5. b6 g6 6. Nc3 Bg7 7.
e4 O-O 8. Nf3 d6 9. Be2 Nbd7 10.
a4 Qxb6 11. O-O Ng4 12. Nd2 Nde5 13. h3 Nf6 14. Kh1 Rb8 15. f4 Ned7 16. Nc4 Qc7 17.
Ra3 Nb6 18. e5 dxe5 19. fxe5 Nxc4 20. Bxc4 Ne8 21. d6 exd6 22. Nd5 Qd8 23. Bf4 dxe5 24. Be3 Be6 25. Bxc5 Nc7 26. Bxf8 Bxf8 27. Nf6+ Kg7 28. Rd3 Qc8 29. Bxe6 Nxe6 30. Nd7 Rxb2 31. Nxe5 f5 32. Rd7+ Kh6 33. Nf7+ Kg7 34. Nd8+ Kg8 35. Nxe6 Qc6 36. Qd5 Qxa4 37. Nxf8+ Kxf8 38. Qf7# 1-0

[Event "*** SCC Grand Prix: Titled Tuesday Blitz"]
[Site "Chess.com"]
[Date "2020.07.07"]
[Round "4"]
[White "pavlitas17"]
[Black "Blagorod"]
[Result "1-0"]
[WhiteElo "2290"]
[BlackElo "2088"]
[TimeControl "180+1"]
[EndTime "10:39:59 PDT"]
[Termination "pavlitas17 won by resignation"]

1. d4 d5 2. c4 Nc6 3. Nc3 dxc4 4. d5 Ne5 5. f4 Ng4 6. e4 e5 7. f5 h5 8. Bxc4 Bc5 9. Nf3 Nf2 10. Qb3 Nxh1 11. Qb5+ Bd7 12. Qxc5 Ne7 13. Qg1 O-O 14. Qxh1 Nxf5 15. exf5 Bxf5 16. Qf1 Bg6 17. Bg5 Qd6 18. O-O-O a6 19. Nh4 b5 20. Bd3 e4 21. Nxe4 Qxd5 22. Nxg6 Qc6+ 23. Nc3 fxg6 24. Qe2 Rae8 25. Qc2 Re5 26.
Ne4 Qe6 27. Kb1 Qg4 28. h3 Qe6 29. Bh4 Re8 30. Bg3 Rxe4 31. Bxe4 Qxe4 32. Qxe4 Rxe4 33. Bxc7 Re2 34. Rg1 Kf7 35. Bg3 g5 36. Rf1+ Kg6 37. Rf2 Re3 38. Bd6 Re6 39. Bc5 Rc6 40. b4 a5 41. a3 axb4 42. axb4 g4 43. hxg4 hxg4 44. Kc2 g3 45. Rf3 Kh5 46. Rxg3 g5 47. Kd3 Kh4 48. Re3 g4 49. g3+ Kh3 50. Kd4 Rf6 51. Kd5 Rf5+ 52. Kc6 Kg2 53. Kxb5 Rf3 54. Rxf3 Kxf3 55. Bd6 1-0

[Event "*** SCC Grand Prix: Titled Tuesday Blitz"]
[Site "Chess.com"]
[Date "2020.07.07"]
[Round "4"]
[White "SamuelGhimpu2003"]
[Black "Chess_Boxer123"]
[Result "1-0"]
[WhiteElo "2512"]
[BlackElo "2657"]
[TimeControl "180+1"]
[EndTime "10:40:00 PDT"]
[Termination "SamuelGhimpu2003 won by resignation"]

1. d4 d5 2. Bf4 c5 3. e3 Nc6 4. Nc3 cxd4 5. exd4 Bf5 6. Nf3 e6 7.
Ne5 Rc8 8. g4 Bg6 9. h4 h6 10.
Nxg6 fxg6 11. Qd3 Kf7 12. h5 gxh5 13. gxh5 Bd6 14. Qg6+ Kf8 15. Rg1 Rc7 16. Bxd6+ Qxd6 17. O-O-O a6 18. Bh3 Nf6 19. Rde1 Nxd4 20. Qd3 Qf4+ 21.
Kb1 e5 22. Be6 Nxe6 23. Nxd5 Nxd5 24. Qxd5 Ke7 25. Rxe5 Qf7 26. Rxe6+ Qxe6 27. Rxg7+ Kf8 28. Qxe6 Rxg7 29. Qc8+ Kf7 30. Qxb7+ Kg8 31. Qd5+ Kh7 32. Qf5+ Kg8 33. a4 Rhh7 34. Qc8+ Kf7 35. Qxa6 Rg1+ 36.
Ka2 Rg5 37. Qb7+ Kg8 38. Qc8+ Kg7 39. Qd7+ Kg8 40. Qe8+ Kg7 41. b4 Rf5 42. Qg6+ Kf8 43. Qxf5+ Rf7 44. Qxf7+ Kxf7 45. a5 1-0

[Event "*** SCC Grand Prix: Titled Tuesday Blitz"]
[Site "Chess.com"]
[Date "2020.07.07"]
[Round "4"]
[White "realmadridtv"]
[Black "Chessdreamer2020"]
[Result "1-0"]
[WhiteElo "2477"]
[BlackElo "2580"]
[TimeControl "180+1"]
[EndTime "10:40:00 PDT"]
[Termination "realmadridtv won by resignation"]

1. e4 c5 2. Nf3 Nc6 3. Nc3 e5 4. Bc4 Be7 5. d3 Nf6 6. Nd2 O-O 7. Nf1 d6 8. Ne3 Be6 9. O-O Nd4 10. Kh1 a6 11.
Ncd5 b5 12. Nxf6+ Bxf6 13. Bd5 Ra7 14. c3 Bxd5 15. exd5 Qa8 16. cxd4 cxd4 17. Ng4 Qxd5 18. Nxf6+ gxf6 19. Bh6 f5 20. Qh5 Qe6 21. Qg5+ Qg6 22. Qxg6+ fxg6 23. Bxf8 Kxf8 24. f3 Ke7 25. a4 b4 26.
Rac1 Ke6 27. Rc4 a5 28. Rfc1 Kd5 29. Rc7 Ra6 30. Kg1 h5 31. b3 e4 32. fxe4+ fxe4 33. dxe4+ Kxe4 34. Kf2 d5 35. Ke2 d3+ 36. Kd2 Rf6 37.
Re7+ Kd4 38. Ke1 Rf4 39. Rc6 g5 40. g3 Re4+ 41. Rxe4+ dxe4 42. Rc4+ Ke3 43. Rc5 Kd4 44. Rxg5 e3 45. Rxh5 Kc3 46. Re5 Kc2 47. Rc5+ Kxb3 48.
h4 Kxa4 49. h5 b3 50. Rc4+ Ka3 51. Rc3 Ka2 52. Rxd3 b2 53. Rd1 b1=Q 54. Rxb1 Kxb1 55. h6 a4 56. h7 a3 57. h8=Q a2 58. Ke2 a1=Q 59. Qxa1+ Kxa1 60. Kxe3 Kb2 61. g4 Kc3 62. g5 Kc4 63. g6 Kd5 64. g7 Ke6 65. g8=Q+ Ke5 66.
Qg3+ Kd5 67. Qf4 Kc5 68. Qe4 1-0

[Event "*** SCC Grand Prix: Titled Tuesday Blitz"]
[Site "Chess.com"]
[Date "2020.07.07"]
[Round "4"]
[White "tapu2"]
[Black "andriipalchuk"]
[Result "1-0"]
[WhiteElo "2665"]
[BlackElo "2434"]
[TimeControl "180+1"]
[EndTime "10:40:00 PDT"]
[Termination "tapu2 won by resignation"]

1. d4 Nf6 2. c4 e6 3. Nf3 b6 4. a3 Bb7 5. Nc3 Be7 6. d5 exd5 7. cxd5 O-O 8. e4 d6 9. Bd3 a6 10. O-O Nbd7 11. b4 Re8 12. Bb2 g6 13. Re1 Bf8 14. Nd4 Bg7 15. Qc2 Ng4 16. Nc6 Bxc6 17. dxc6 Nde5 18.
Be2 Qh4 19. Bxg4 Qxg4 20. Kh1 Rac8 21. Nd5 b5 22. f4 Nc4 23. Bxg7 Kxg7 24. Qc3+ Kh6 25.
h3 Qh4 26. Kh2 Re6 27. f5 Re5 28. g3 Qg5 29. h4 Qd2+ 30. Qxd2+ Nxd2 31. g4 Nxe4 32. g5+ Kg7 33. f6+ Kf8 34. Rad1 Re6 35. Kg2 h6 36. Kf3 Nd2+ 37. Kf4 Nc4 38. gxh6 Kg8 39. Ne7+ Kh7 40. Rxe6 1-0

[Event "*** SCC Grand Prix: Titled Tuesday Blitz"]
[Site "Chess.com"]
[Date "2020.07.07"]
[Round "4"]
[White "ItsCheckM8Mate"]
[Black "RestartingChess"]
[Result "0-1"]
[WhiteElo "2259"]
[BlackElo "2498"]
[TimeControl "180+1"]
[EndTime "10:40:00 PDT"]
[Termination "RestartingChess won on time"]

1. e4 d5 2. exd5 Qxd5 3. Nc3 Qd6 4. d4 Nf6 5. Bc4 Nc6 6. Nge2 Bg4 7. f3 Bh5 8. Bf4 Qd7 9. d5 Na5 10. Bb5 c6 11.
Ba4 b5 12. dxc6 Qxd1+ 13. Rxd1 bxa4 14. Nb5 Rc8 15. Nc7+ Rxc7 16. Bxc7 Nxc6 17. Nd4 Kd7 18. Bg3 Nxd4 19. Rxd4+ Kc6 20. Ke2 e6 21. Rhd1 Bc5 22. Rxa4 Rb8 23. Bxb8 Bg6 24. Rc4 Kb5 25. Rc3 Nd5 26.
Rb3+ Kc6 27. Rc1 Nb4 28. Bxa7 Nxa2 29. Ra1 Bxc2 30. Rc3 Nxc3+ 31. bxc3 Bd6 32. Bd4 Bxh2 33. Bxg7 Bg6 34. Bd4 Bd6 35. Ra6+ Kd5 36. Ra8 e5 37. Be3 Kc4 38. Bd2 Bd3+ 39. Ke1 e4 40. Rc8+ Kd5 41. fxe4+ Bxe4 42. c4+ Ke6 43. c5 Bg3+ 44. Ke2 Bb7 45. Rc7 Bxc7 0-1

[Event "*** SCC Grand Prix: Titled Tuesday Blitz"]
[Site "Chess.com"]
[Date "2020.07.07"]
[Round "4"]
[White "volkanyirik"]
[Black "Future2700"]
[Result "0-1"]
[WhiteElo "2232"]
[BlackElo "2426"]
[TimeControl "180+1"]
[EndTime "10:40:00 PDT"]
[Termination "Future2700 won by resignation"]

1. e4 c5 2. Nc3 e6 3. Bc4 Ne7 4. d3 d5 5. Bb3 a6 6. a4 d4 7. Nce2 Nbc6 8. f4 g6 9. Nf3 Bg7 10. O-O O-O 11. Qe1 Rb8 12. f5 exf5 13. Qh4 Na5 14.
Ba2 c4 15. Bd2 Nec6 16. Qg3 Be6 17. Ng5 b5 18. axb5 axb5 19. Nxe6 fxe6 20. Nf4 Qd7 21. Qe1 Ra8 22. exf5 exf5 23. Qe6+ Qxe6 24. Nxe6 Rfc8 25. Nxg7 Kxg7 26. Rfe1 Re8 27. Rxe8 Rxe8 28. Bb1 Ra8 29. b4 cxb3 30. cxb3 Ra7 31. b4 Nb3 32. Rxa7+ Nxa7 33. Bf4 Nc6 34. Ba2 Na1 35. Bd6 Nc2 36.
Bd5 N6xb4 37. Bb3 Kf6 38. Kf2 Nxd3+ 39. Kg3 Nce1 40. Bd5 g5 41. h4 h6 42. hxg5+ hxg5 43. Kh2 b4 44. Bc4 f4 45. Kg1 Kf5 46. Kf1 Ke4 47. Ke2 g4 48. Kd2 f3 49. gxf3+ gxf3 50. Ba6 f2 51. Bb7+ Kf5 0-1

[Event "*** SCC Grand Prix: Titled Tuesday Blitz"]
[Site "Chess.com"]
[Date "2020.07.07"]
[Round "4"]
[White "Morshynska"]
[Black "CroissantNeuf"]
[Result "0-1"]
[WhiteElo "2188"]
[BlackElo "2409"]
[TimeControl "180+1"]
[EndTime "10:40:01 PDT"]
[Termination "CroissantNeuf won by resignation"]

1. e4 c6 2. Nc3 d5 3. Nf3 dxe4 4. Nxe4 Nf6 5. Ng3 h5 6. h4 Bg4 7. Be2 Nbd7 8. d4 e6 9. Ng5 Bxe2 10. Qxe2 c5 11.
dxc5 Bxc5 12. O-O Qc7 13. Be3 Bxe3 14. Qxe3 O-O 15. Rfd1 Ng4 16. Qe2 Ndf6 17. N5e4 Nxe4 18. Qxe4 g6 19. c4 Qc5 20. Qe2 Rac8 21. b3 Qe7 22. Nf1 Qxh4 23. Rd4 e5 24. Rd7 Rcd8 25. Rad1 a5 26. Qf3 b6 27. R1d5 Rxd7 28. Rxd7 e4 29. Qf4 g5 30. Qd6 Qxf2+ 0-1

[Event "*** SCC Grand Prix: Titled Tuesday Blitz"]
[Site "Chess.com"]
[Date "2020.07.07"]
[Round "4"]
[White "olksuna"]
[Black "rynos0411"]
[Result "1-0"]
[WhiteElo "2612"]
[BlackElo "2430"]
[TimeControl "180+1"]
[EndTime "10:40:02 PDT"]
[Termination "olksuna won by resignation"]

1. Nf3 d5 2. g3 c6 3. Bg2 Bf5 4.
O-O e6 5. c4 Nf6 6. cxd5 exd5 7.
d3 Be7 8. Qb3 Qc8 9. Nc3 O-O 10.
Nd4 Bd7 11. e4 dxe4 12. dxe4 Na6 13. Bf4 Nc5 14. Qc2 Ne6 15. Nf5 Qe8 16. Bd6 Bxd6 17. Nxd6 Qe7 18. Rad1 Rfd8 19. Nxb7 Rdb8 20. Nd6 Rb6 21. Rfe1 Rab8 22. b3 h6 23. e5 Ng4 24. h3 Ng5 25. hxg4 Bxg4 26. Rd4 Qe6 27. Nc4 Rb4 28. f4 Nf3+ 29. Bxf3 Bxf3 30. Qd3 Qg4 31. Kf2 Bd5 32. Nxd5 cxd5 33. Rxd5 Qh3 34. Rd8+ Rxd8 35. Qxd8+ Kh7 36. Qd3+ g6 37. Qd5 Qh2+ 38. Qg2 Qh5 39. e6 Qc5+ 40. Kf1 fxe6 41. Rxe6 h5 42. Qe2 Qd5 43.
Re7+ Kh6 44. Kg1 Qc5+ 45. Qe3 Qd5 46. f5+ g5 47. Qe6+ 1-0

[Event "*** SCC Grand Prix: Titled Tuesday Blitz"]
[Site "Chess.com"]
[Date "2020.07.07"]
[Round "4"]
[White "Maaikee"]
[Black "zmeeed67"]
[Result "1-0"]
[WhiteElo "2295"]
[BlackElo "2430"]
[TimeControl "180+1"]
[EndTime "10:40:02 PDT"]
[Termination "Maaikee won on time"]

1. e4 c5 2. Nf3 e6 3. d4 cxd4 4. Nxd4 Nf6 5. Nc3 Bb4 6. e5 Nd5 7. Bd2 Bxc3 8. bxc3 O-O 9. Bd3 d6 10. exd6 Qxd6 11. O-O Nc6 12. Qh5 g6 13. Qh6 e5 14.
Nf3 Qf6 15. Rfe1 Nf4 16. Be4 Rd8 17. h3 Bf5 18. Bxf5 Qxf5 19. Bxf4 Qxf4 20. Ng5 Rac8 21. Qxh7+ Kf8 22. Re3 Ke7 23. Rf3 Qxg5 24. Qxf7+ Kd6 25. a4 Kc5 26. Rb1 a6 27. Qe6 Qd2 28. Re3 Qd5 29.
Qxg6 b5 30. Qg3 bxa4 31. c4 1-0

[Event "*** SCC Grand Prix: Titled Tuesday Blitz"]
[Site "Chess.com"]
[Date "2020.07.07"]
[Round "4"]
[White "guillembaches"]
[Black "Cxrjs"]
[Result "0-1"]
[WhiteElo "2424"]
[BlackElo "2294"]
[TimeControl "180+1"]
[EndTime "10:40:02 PDT"]
[Termination "Cxrjs won by resignation"]

1. e4 e5 2. Nf3 Nc6 3. Nc3 Nf6 4.
d4 exd4 5. Nxd4 Bb4 6. Nxc6 bxc6 7. Bd3 d5 8. Bd2 O-O 9. O-O Rb8 10. Re1 Bg4 11. f3 Be6 12. e5 Nd7 13. f4 Nc5 14.
Kh1 Nxd3 15. cxd3 Bf5 16. Qe2 Qh4 17. Na4 Bg4 18. g3 Bxe2 19. gxh4 Bf3+ 20. Kg1 Bxd2 21. Rf1 Be2 22. Rfb1 Bxd3 23. Rd1 Be3+ 24. Kg2 Be4+ 25. Kg3 Rb4 26. b3 Bf5 27. Rf1 d4 28. Rad1 Bc2 29.
Ra1 Bd3 30. Rfd1 Bf5 31. Nc5 Rb5 32. Na4 Rfb8 33. Nb2 f6 34. Nc4 fxe5 35. fxe5 Be6 36. Nxe3 dxe3 37. Kf4 Rf8+ 38. Kxe3 Rxe5+ 39. Kd4 Rd5+ 40. Kc3 Rf3+ 41. Kb4 Rf4+ 42. Ka3 Rxd1 43. Rxd1 Rxh4 44. Re1 Kf7 45. Re2 Rf4 46. b4 Rf5 47. Ka4 g5 48. a3 g4 49. b5 cxb5+ 50. Ka5 h5 51. a4 bxa4+ 52. Ka6 Bc4+ 0-1

[Event "*** SCC Grand Prix: Titled Tuesday Blitz"]
[Site "Chess.com"]
[Date "2020.07.07"]
[Round "4"]
[White "ChessSwole"]
[Black "Chessdude1987"]
[Result "1-0"]
[WhiteElo "2417"]
[BlackElo "2221"]
[TimeControl "180+1"]
[EndTime "10:40:02 PDT"]
[Termination "ChessSwole won on time"]

1. b3 e5 2. Bb2 d6 3. e3 Nf6 4. Nf3 g6 5. d4 e4 6. Nfd2 Bg7 7. Be2 O-O 8. O-O Qe7 9. c4 c5 10. Nc3 h5 11. Qc2 Bf5 12. dxc5 dxc5 13. Rad1 Nc6 14. a3 Rad8 15. Ndb1 Ne5 16. Nd5 Nxd5 17. cxd5 Nf3+ 18. Bxf3 exf3 19. Qc1 Qg5 20. g3 Bxb2 21.
Qxb2 Qg4 22. Kh1 Be4 23. Nc3 Rfe8 24. Nxe4 Rxe4 25. Qf6 Rd7 26. Rd2 c4 27. Rc1 Qh3 28.
Qxf3 f5 29. bxc4 Rh4 30. Qg2 Qxg2+ 31. Kxg2 Re4 32. c5 Ra4 33. c6 bxc6 34. dxc6 Rc7 35. Rd7 Rc8 36. c7 Re4 37. Rd8+ Re8 38. Rxe8+ Rxe8 39.
c8=Q Rxc8 40. Rxc8+ Kf7 41. Rc7+ Ke6 42. Rxa7 Kd6 43.
Ra6+ Kd5 44. Rxg6 Kc4 45. Rg5 Kb3 46. Rxf5 Kxa3 47. Rxh5 Kb4 48. Rd5 1-0

[Event "*** SCC Grand Prix: Titled Tuesday Blitz"]
[Site "Chess.com"]
[Date "2020.07.07"]
[Round "4"]
[White "GustavoJuarezF"]
[Black "DonPreuss"]
[Result "0-1"]
[WhiteElo "1990"]
[BlackElo "2189"]
[TimeControl "180+1"]
[EndTime "10:40:02 PDT"]
[Termination "DonPreuss won on time"]

1. e4 Nc6 2. Nf3 d6 3. d4 g6 4.
h3 Bg7 5. Be3 e5 6. Bc4 Nge7 7.
dxe5 Nxe5 8. Nxe5 Bxe5 9. c3 Bg7 10. Bd4 O-O 11. Bxg7 Kxg7 12. O-O Nc6 13. Nd2 f5 14. Bd5 f4 15. f3 Ne5 16. Nb3 Qg5 17. Kh1 Qh6 18. Qe2 g5 19. Nd4 g4 20. fxg4 Bxg4 21. Qf2 Kh8 22. Kg1 Rf6 23. Nf5 Bxf5 24. Qxf4 Qxf4 25.
Rxf4 c6 26. Bb3 Raf8 27. Raf1 Nd3 28. Rxf5 Rxf5 29. exf5 Nxb2 30. Be6 Nd3 31. Rd1 Nc5 32. Rxd6 Kg7 33. Kh2 Kf6 0-1